 Dungeon Crawl Stone Soup version 0.28-a0-1555-g9ae15a6949 (webtiles) character file.

Game seed: 17612987784564856345

16 hashsling the Magician (level 2, 22/22 HPs)
             Began as a Djinni Hedge Wizard on Jan 18, 2022.
             Quit the game on level 1 of the Dungeon.
             The game lasted 00:03:33 (1377 turns).

hashsling the Magician (Djinni Hedge Wizard)        Turns: 1377, Time: 00:03:33

Health: 22/22      AC:  2    Str:  9    XL:     2   Next: 75%
Gold:   40         EV: 12    Int: 15    God:
                   SH:  0    Dex: 12

rFire   + + .      SeeInvis .   i - +0 long sword
rCold   x . .      Faith    .   (no shield)
rNeg    . . .      Spirit   .   b - +0 robe
rPois   ∞          Reflect  .   c - +0 hat
rElec   .          Harm     .   (no cloak)
rCorr   .          Rampage  .   (no gloves)
Will    .....                   (boots unavailable)
Stlth   ++........              (no amulet)
HPRegen 0.07/turn               (no ring)
MPRegen 0.00/turn               (no ring)

@: flying
A: sickness immunity, fire resistance 2, cold vulnerability 1, float, innate
caster, hp casting, extra vitality 1
a: no special abilities


You were on level 1 of the Dungeon.
You visited 1 branch of the dungeon, and saw 1 of its levels.

You collected 40 gold pieces.

Inventory:

Hand Weapons
 a - a +0 dagger
 i - a +0 long sword (weapon)
Armour
 b - a +0 robe (worn)
 c - a +0 hat (worn)
Scrolls
 d - a scroll of identify {unknown}
 g - a scroll of magic mapping {unknown}
 j - a scroll of torment {unknown}
Potions
 e - 2 potions of attraction {unknown}
 f - a potion of lignification {unknown}
 h - a potion of degeneration {unknown}
 k - a potion of mutation {unknown}


   Skills:
 * Level 1.4 Fighting
 + Level 2.5 Dodging
 - Level 1.5 Stealth
 + Level 2.5 Spellcasting


You couldn't memorise any spells.
You knew the following spells:

 Your Spells              Type           Power      Damage    Failure   Level
a - Magic Dart            Conj           36%        1d4       8%          1
b - Blink                 Tloc           18%        N/A       11%         2
c - Call Imp              Summ           9%         N/A       11%         2
d - Slow                  Hex            36%        N/A       8%          1
e - Conjure Flame         Conj/Fire      9%         6-21      22%         3
f - Mephitic Cloud        Conj/Pois/Air  9%         N/A       22%         3
Your spell library was empty.

Dungeon Overview and Level Annotations

Branches:
Dungeon (1/15)

Altars:


Innate Abilities, Weirdness & Mutations

You are immune to sickness and miasma.
You are immune to poison.
Your flesh is very heat resistant. (rF++)
You are vulnerable to cold. (rC-)
You float through the air rather than walking.
You learn spells naturally, not from books.
Your magical power is your life essence.
You have superior vitality. (+4 MHP)


Message History

Press: ? - help, Q - select action, (/) - cycle Shift-Dir - straight line, f/p - jackal
Aim: a jackal (severely wounded, ally target, 100% to hit)
The magic dart hits the jackal but does no damage.
The jackal is severely wounded.
The jackal barely misses your crimson imp.
Aiming: Magic Dart (safe; 8% risk of failure)
Press: ? - help, Q - select action, (/) - cycle Shift-Dir - straight line, f/p - jackal
Aim: a jackal (severely wounded, ally target, 100% to hit)
The magic dart hits the jackal.
You kill the jackal!
The jackal closely misses your crimson imp.
Your crimson imp blinks!
You closely miss the jackal.
The jackal bites you but does no damage.
The jackal closely misses you.
You hit the jackal.
The jackal is almost dead.
The jackal bites you.
Your crimson imp hits the jackal.
The jackal dies!
Your crimson imp disappears in a puff of smoke!
There is a shaft here.
j - a scroll labelled YMNALI FYKUO You see here a +0 dagger.
A ball python comes into view.
The magic dart hits the ball python.
You kill the ball python!
You see here a ball python corpse.
A rat comes into view.
The magic dart hits the rat.
You kill the rat!
Found a stone staircase leading down.
A kobold comes into view. It is wielding a +0 short sword.
The kobold shouts!
The magic dart hits the kobold.
You kill the kobold!
k - a yellow potion
There is a stone staircase leading down here.
Done exploring.
Done exploring.
Are you sure you want to abandon this character and quit the game? (Confirm with "yes".)

.#.##.# .#.##.#
.#..#.# ###.#.#
#...# ##..#
#..#############
#.>............#
##.##########@##
#.............#
##################
#............#.#
#.##########...#
#.# ###.# #.#
######.# #.#
#......# #.#
#.######


There were no monsters in sight!

Vanquished Creatures
  2 ball pythons (D:1)
  An endoplasm (D:1)
  A giant cockroach (D:1)
  3 goblins (D:1)
  2 hobgoblins (D:1)
  A jackal (D:1)
  A bat (D:1)
  2 kobolds (D:1)
  A rat (D:1)
14 creatures vanquished.

Vanquished Creatures (collateral kills)
  A jackal (D:1)
1 creature vanquished.

Grand Total: 15 creatures vanquished

Notes
Turn   | Place    | Note
-------+----------+-------------------------------------------
     0 | D:1      | hashsling the Djinni Hedge Wizard began the quest for the
                  | Orb.
     0 | D:1      | Reached XP level 1. HP: 15/15 MP: 0/0
   530 | D:1      | Found a faded altar of an unknown god.
   618 | D:1      | Reached skill level 1 in Fighting
   618 | D:1      | Reached XP level 2. HP: 21/22 MP: 0/0
  1377 | D:1      | Quit the game

Illustrated notes

Levels and vault maps discovered:
D:1:      minmay_arrival_diagonal_passages, layout_basic,
          chequers_ecumenical_altar_twisty, minmay_misc_feat_rows

Skill      XL: |  1 |
---------------+----+-----
Fighting       | 1 |  1.4
Dodging        | |  2.5
Stealth        | |  1.5
Spellcasting   | |  2.5

Action                   || total
-------------------------++-------
Melee: Dagger            ||    10
       Long sword        ||     9
 Cast: Magic Dart        ||    24
       Call Imp          ||     1
Armor: Robe              ||    11
Dodge: Dodged            ||    15

Table legend: (Time is in decaauts)
 A = Elapsed time spent in this place.
 B = Non-inter-level travel time spent in this place.
 C = Inter-level travel time spent in this place.
 D = Time resting spent in this place.
 E = Time spent auto-exploring this place.
 F = Levels seen in this place.
 G = Mean time per level.
                   A        B        C        D        E       F      G
               +--------+--------+--------+--------+--------+-----+--------+
         Total |   1380 |   1380 |      0 |      0 |   1256 |   1 | 1380.0 |
       Dungeon |   1380 |   1380 |      0 |      0 |   1256 |   1 | 1380.0 |
               +--------+--------+--------+--------+--------+-----+--------+

Top non-repeatable levels by time:
     D:1: 1380 daAuts
